 Dungeon Crawl Stone Soup version 0.20-a0-11-ga97c7b5 (webtiles) character file.

1917 asthiss the Basher (level 9, -3/103 HPs)
             Began as a Human Berserker on Nov 2, 2016.
             Was an Elder of Trog.
             Slain by a yak (9 damage)
             ... on level 7 of the Dungeon.
             The game lasted 00:34:43 (6444 turns).

asthiss the Basher (Human Berserker)                Turns: 6444, Time: 00:34:44

Health: -3/103     AC:  8    Str: 23    XL:     9   Next: 39%
Magic:  9/9        EV: 20    Int:  9    God:    Trog [****..]
Gold:   215        SH:  0    Dex: 19    Spells: 0 memorised, 8 levels left

rFire  . . .     SeeInvis .     a - +2 mace
rCold  . . .     Gourm    .     q - +0 troll leather armour
rNeg   . . .     Faith    .     (no shield)
rPois  .         Spirit   .     h - +2 helmet
rElec  .         Reflect  .     (no cloak)
rCorr  .         Harm     .     (no gloves)
MR     .....     Rnd*Tele +     (no boots)
Stlth  ..........               (no amulet)
                                (no ring)
                                o - ring of teleportation (curse)

@: agile, berserking, lethally poisoned (-3 -> -4), very quick
A: no striking features
a: Berserk, Trog's Hand, Brothers in Arms, Burn Spellbooks, Renounce Religion


You were on level 7 of the Dungeon.
You worshipped Trog.
Trog was greatly pleased with you.
You were very hungry.

You visited 1 branch of the dungeon, and saw 7 of its levels.

You collected 215 gold pieces.

Inventory:

Hand Weapons
 a - a +2 mace (weapon)
Armour
 h - a +2 helmet (worn)
 q - a +0 troll leather armour (worn)
Jewellery
 o - a cursed ring of teleportation (left hand)
Scrolls
 f - 3 scrolls of identify
 n - a scroll of recharging
Potions
 i - 2 potions of flight
Comestibles
 b - 9 chunks of flesh
 c - 2 bread rations
 j - 5 fruits
 p - a meat ration


   Skills:
 + Level 5.8 Fighting
 + Level 8.5 Maces & Flails
 + Level 5.8 Armour
 + Level 4.2 Dodging
 + Level 1.2 Stealth


You had 8 spell levels left.
You didn't know any spells.

Dungeon Overview and Level Annotations

Branches:
Dungeon (7/15)             Temple (0/1) D:5

Altars:
Cheibriados
Sif Muna
Xom
Yredelemnul

Portals:
Sewer: D:5


Message History

* * * LOW HITPOINT WARNING * * *
You sock the killer bee!
You kill the killer bee!
Trog accepts your kill.
You thump the killer bee!
The killer bee is heavily wounded.
The killer bee misses you. The yak misses you. The yak barely misses you.
The killer bee barely misses you.
You closely miss the killer bee.
The killer bee is heavily wounded.
You feel sick. The killer bee closely misses you.
The yak completely misses you. x2
You miss the killer bee.
The killer bee is heavily wounded.
The killer bee barely misses you.
You sock the killer bee!
You kill the killer bee!
Trog accepts your kill. The yak closely misses you. The yak gores you!
You die...

.# .? .## .. #.
####.# #.#.....#
#.<.#
#..###..####
...)...H†@Y#
#.###...##YY....$
#.....


YY..... #....#.Y###..# [....###.# .# .....Y .. # )....Y. #.. ....Y.Y ... You
could see a hippogriff and 6 yaks.

Vanquished Creatures
  The ghost of dobroeutro the Cudgeler, a novice GrFi (D:4)
  A troll (D:6)
  2 phantoms
  An ogre (D:6)
  A bullfrog (D:6)
  2 scorpions
  3 killer bees (D:7)
  A howler monkey (D:4)
  A human zombie (D:3)
  A hound (D:6)
  3 orc wizards (D:6)
  An orc priest (D:6)
  A bullfrog skeleton (D:6)
  Natasha (twice) (D:2)
  A worker ant (D:5)
  2 iguanas (D:6)
  Robin (D:4)
  11 gnolls
  8 adders
  2 oozes
  6 worms
  2 dart slugs
  5 leopard geckos
  23 orcs
  9 bats
  7 giant cockroaches
  21 goblins
  8 hobgoblins
  14 jackals
  2 quokkas
  4 ball pythons
  2 frilled lizards
  A jackal skeleton (D:4)
  A jackal zombie (D:3)
  5 kobolds
  10 rats
166 creatures vanquished.

Vanquished Creatures (collateral kills)
  Prince Ribbit (D:6)
  A crimson imp (D:6)
  An orc priest (D:6)
  An adder skeleton (D:6)
  2 orcs (D:6)
6 creatures vanquished.

Vanquished Creatures (others)
  An orc (D:3)
1 creature vanquished.

Grand Total: 173 creatures vanquished

Notes
Turn   | Place    | Note
-------+----------+-------------------------------------------
     0 | D:1      | asthiss the Human Berserker began the quest for the Orb.
     0 | D:1      | Reached XP level 1. HP: 18/18 MP: 1/1
   106 | D:1      | Reached XP level 2. HP: 22/24 MP: 2/2
   722 | D:2      | Reached XP level 3. HP: 29/29 MP: 3/3
   971 | D:2      | Reached XP level 4. HP: 29/35 MP: 4/4
   988 | D:2      | Reached ** piety under Trog
  1070 | D:2      | Reached skill level 4 in Maces & Flails
  1133 | D:2      | Noticed Natasha
  1143 | D:2      | Killed Natasha
  1282 | D:2      | Reached XP level 5. HP: 41/41 MP: 5/5
  1355 | D:2      | Noticed Natasha
  1362 | D:2      | Killed Natasha
  1362 | D:2      | Reached skill level 1 in Stealth
  1743 | D:3      | Found a shimmering altar of Xom.
  1833 | D:3      | Found a runed door.
  1833 | D:3      | Noticed a human
  1839 | D:3      | Found a basalt altar of Yredelemnul.
  1859 | D:3      | Reached XP level 6. HP: 22/48 MP: 6/6
  2043 | D:3      | Reached *** piety under Trog
  2096 | D:3      | Reached skill level 5 in Maces & Flails
  3018 | D:3      | Noticed a phantom
  3082 | D:3      | Killed a phantom
  3082 | D:3      | Reached XP level 7. HP: 30/55 MP: 7/7
  3335 | D:4      | Noticed dobroeutro's ghost (novice GrFi)
  3356 | D:4      | Killed dobroeutro's ghost
  3356 | D:4      | Reached skill level 6 in Maces & Flails
  3456 | D:4      | Found a snail-covered altar of Cheibriados.
  3503 | D:4      | Noticed Robin
  3517 | D:4      | Reached XP level 8. HP: 52/61 MP: 8/8
  3535 | D:4      | Killed Robin
  3866 | D:4      | Found a deep blue altar of Sif Muna.
  3931 | D:5      | Entered Level 5 of the Dungeon
  3974 | D:5      | Found a staircase to the Ecumenical Temple.
  4023 | D:5      | Reached **** piety under Trog
  4118 | D:5      | Found a glowing drain.
  4435 | D:6      | Noticed Prince Ribbit
  4516 | D:6      | Reached skill level 7 in Maces & Flails
  4822 | D:6      | Killed Prince Ribbit
  5022 | D:6      | Reached skill level 5 in Fighting
  5500 | D:6      | Reached skill level 5 in Armour
  6040 | D:6      | Reached XP level 9. HP: 66/68 MP: 9/9
  6109 | D:6      | Noticed a troll
  6119 | D:6      | Killed a troll
  6119 | D:6      | Reached skill level 8 in Maces & Flails
  6433 | D:7      | Noticed a hippogriff
  6439 | D:7      | HP: 5/103 [yak (13)]
  6444 | D:7      | Slain by a yak

Vault maps used:
D:1:      co_arrival_square_in_a_square_in_a_square
D:2:      uniq_natasha
D:3:      overflow_temple_1_default, dk_yredelemnul_ordeal
D:4:      nicolae_overflow_hidden_temple, marbit_many_paths, uniq_robin
D:5:      minitemple, gammafunk_temple_overflow_wave, portal_sewer_entry_b,
          first_bread, st_stairs_11
D:6:      roderic_lattice_a, uniq_prince_ribbit1
D:7:      the_bakery, okawaru_ov_weapons_minmay

Skill      XL: |  1  2  3  4  5  6  7  8  9 |
---------------+----------------------------+-----
Maces & Flails | 4 5 6 7 8 |  8.5
Stealth        | 1 |  1.2
Fighting       | 4 5 |  5.8
Armour         | 3 5 |  5.8
Dodging        | 3 4 |  4.2

Action                   |  1- 3 |  4- 6 |  7- 9 || total
-------------------------+-------+-------+-------++-------
Melee: Mace              |    84 |   252 |   341 ||   677
Invok: Berserk           |       |     3 |     5 ||     8
       Brothers in Arms  |       |       |     1 ||     1
  Use: Scroll            |     6 |     1 |     6 ||    13
       Potion            |     6 |     2 |     4 ||    12
 Stab: Invisible         |       |     2 |       ||     2
  Eat: Chunk             |       |     5 |    10 ||    15
       Meat ration       |       |     1 |     1 ||     2
Armor: Animal skin       |     6 |       |       ||     6
       Leather armour    |    19 |       |       ||    19
       Scale mail        |    10 |    94 |   149 ||   253
       Troll leather arm |       |       |    13 ||    13
Dodge: Dodged            |    79 |   148 |   225 ||   452
